AoeStats
← Vekenification

Arabia

510401778Analyzed
1v1 RM · 2d ago on Sep 30, 2026· 45m 23s· 2 players
Game mode
Random Map
Map size
Tiny (2 player)
Population
200
Speed
Normal
Resources
Standard
Victory
Conquest
Starting age
Dark Age
Ending age
Imperial Age
RankedLock teamsTeams togetherTeam positionsShared explorationLock speedFull tech treeHidden civsTurbo modeCheats
Victory
Defeat
🇲🇽 Turks · Mexico
1080
+18
🇩🇪 Goths · Germany
1114
-18
Profesor_Caos
7:10 Loom
9:59 Feudal Age
11:23 Double-Bit Axe
12:53 Wheelbarrow
12:34 Horse Collar
12:22 Man-at-Arms
15:04 Town Watch
16:18 Gold Mining
17:26 Fletching
20:03 Padded Archer Armor
22:07 Castle Age
21:59 Bloodlines
23:08 Bodkin Arrow
23:20 Husbandry
23:27 Scale Barding Armor
23:35 Bow Saw
23:27 Heavy Plow
23:31 Crossbowman
27:04 Chain Barding Armor
29:06 Forging
30:44 Thumb Ring
32:43 Iron Casting
32:42 Hand Cart
33:50 Padded Archer Armor
34:42 Ballistics
40:02 Imperial Age
39:07 Masonry
41:17 Parthian Tactics
40:53 Bracer
41:26 Architecture
42:06 Stone Mining
44:05 Leather Archer Armor
44:56 Plate Barding Armor
44:41 Town Patrol
45:34 Ring Archer Armor
Vekenification
8:52 Loom
11:31 Feudal Age
12:28 Horse Collar
14:05 Double-Bit Axe
16:25 Padded Archer Armor
20:43 Castle Age
21:26 Scale Mail Armor
21:40 Squires
21:54 Bow Saw
21:45 Heavy Plow
24:17 Chain Mail Armor
25:13 Forging
25:25 Fletching
26:41 Pikeman
30:44 Iron Casting
33:34 Anarchy
41:38 Imperial Age
44:00 Elite Huskarl
Connection lost

Rejoining the realm…

Still unreachable

The connection could not be restored.

Session expired

The server has moved on; the page needs a fresh start.